 Dungeon Crawl Stone Soup version 0.26-a0-1139-g7d2dc893a1 (webtiles) character file.

Game seed: 6323333649289034178

18 sahdkjhfkaj the Vexing (level 2, 0/24 HPs)
             Began as a Demigod Enchanter on Dec 21, 2020.
             Slain by a jackal (1 damage)
             ... on level 1 of the Dungeon.
             The game lasted 00:01:58 (838 turns).

sahdkjhfkaj the Vexing (Demigod Enchanter)           Turns: 838, Time: 00:01:59

Health: 0/24       AC:  2    Str: 10 (11) XL:     2   Next: 36%
Magic:  7/7        EV: 12    Int: 17 (19) God:
Gold:   44         SH:  0    Dex: 14 (16) Spells: 3/4 levels left

rFire    . . .     SeeInvis .   a - +1 dagger (speed)
rCold    . . .     Faith    .   (no shield)
rNeg     . . .     Spirit   .   b - +0 robe
rPois    .         Reflect  .   (no helmet)
rElec    .         Harm     .   (no cloak)
rCorr    .         Rampage  .   (no gloves)
Will     .....                  (no boots)
Stlth    ++........             (no amulet)
HPRegen  0.08/turn              (no ring)
MPRegen  0.10/turn              (no ring)

@: berserk cooldown, slowed, very slow
A: high mp 1
a: no special abilities


You were on level 1 of the Dungeon.
You visited 1 branch of the dungeon, and saw 1 of its levels.

You collected 44 gold pieces.

Inventory:

Hand Weapons
 a - a +1 dagger of speed (weapon)
Armour
 b - a +0 robe (worn)
Scrolls
 d - a scroll of blinking {unknown}
 e - 2 scrolls of identify {unknown}
 f - a scroll of amnesia {unknown}
 h - a scroll of remove curse {unknown}
 i - a scroll of teleportation {unknown}


   Skills:
 + Level 2.0 Fighting
 - Level 0.8 Short Blades
 - Level 1.7 Dodging
 - Level 2.6 Stealth
 - Level 1.7 Spellcasting
 - Level 2.6 Hexes


You had 3 spell levels left.
You knew the following spells:

 Your Spells              Type           Power        Failure   Level
a - Corona                Hex            11%          7%          1

Your spell library contained the following spells:

 Spells                   Type           Power        Failure   Level
 Ensorcelled Hibernation  Hex/Ice        12%          17%         2
 Confusing Touch          Hex            10%          21%         3
 Tukima's Dance           Hex            10%          21%         3
 Dazzling Flash           Conj/Hex       12%          34%         3


Dungeon Overview and Level Annotations

Branches:
Dungeon (1/15)


Innate Abilities, Weirdness & Mutations

You have an increased reservoir of magic. (+10% MP)


Message History

You closely miss the hobgoblin. The hobgoblin closely misses you.
You puncture the hobgoblin!
You kill the hobgoblin!
The jackal misses you.
Items here: ††††.
You barely miss the jackal. The jackal barely misses you.
The jackal barely misses you.
You feel a strong urge to attack something.
The jackal barely misses you. The jackal closely misses you.
Unknown command.
You feel your anger nearly subside.
You are no longer berserk.
You are exhausted.
You feel yourself slow down. The jackal closely misses you.
Unknown command.
Unknown command.
The jackal barely misses you. The jackal bites you.
You die...

##...## ###
#######..#### #. #.#
#.....#......
#..####.####.###....#...
#............# #......#.
........####.###....#..>
#######.# #.....#.####.
#.# ###.###.# #. #@#
#.##..## #. .......h#
#......# #. #########
#).###.###. #..# #..†..
##.###.#### #.........
##########


You could see a jackal.

Vanquished Creatures
  A dart slug (D:1)
  A giant cockroach (D:1)
  A goblin (D:1)
  A hobgoblin (D:1)
  3 jackals (D:1)
  3 kobolds (D:1)
  2 frilled lizards (D:1)
  4 rats (D:1)
16 creatures vanquished.

Notes
Turn   | Place    | Note
-------+----------+-------------------------------------------
     0 | D:1      | sahdkjhfkaj the Demigod Enchanter began the quest for the
                  | Orb.
     0 | D:1      | Reached XP level 1. HP: 14/14 MP: 5/5
   294 | D:1      | Reached skill level 1 in Fighting
   349 | D:1      | Reached XP level 2. HP: 14/23 MP: 7/7
   828 | D:1      | HP: 1/36 [jackal (2)]
   838 | D:1      | Slain by a jackal

Illustrated notes

Levels and vault maps discovered:
D:1:      sevenhm_arrival_forest_fort_large_4, layout_loops_ring,
          nrook_loot_triangle

Skill      XL: |  1  2 |
---------------+-------+-----
Fighting       | 1 2 |  2.0
Short Blades   | |  0.8
Dodging        | |  1.7
Stealth        | |  2.6
Spellcasting   | |  1.7
Hexes          | |  2.6

Action                   || total
-------------------------++-------
Melee: Dagger            ||    70
  Use: Potion            ||     2
 Stab: Sleeping          ||     3
Armor: Robe              ||     7
Dodge: Dodged            ||    34

Table legend: (Time is in decaauts)
 A = Elapsed time spent in this place.
 B = Non-inter-level travel time spent in this place.
 C = Inter-level travel time spent in this place.
 D = Time resting spent in this place.
 E = Time spent auto-exploring this place.
 F = Levels seen in this place.
 G = Mean time per level.
                   A        B        C        D        E       F      G
               +--------+--------+--------+--------+--------+-----+--------+
         Total |    811 |    760 |     51 |    121 |    520 |   1 |  811.0 |
       Dungeon |    811 |    760 |     51 |    121 |    520 |   1 |  811.0 |
               +--------+--------+--------+--------+--------+-----+--------+

Top non-repeatable levels by time:
     D:1: 811 daAuts
